 Dungeon Sprint DCSS version 0.29.1-12-g30fa7ad0bf (webtiles) character file.

Game seed: 10853892759461193470

10919 boopmooplesden the Phalangite (level 11, -3/123 HPs)
             Began as a Minotaur Berserker on Dec 16, 2022.
             Was the Champion of Trog.
             Slain by an orc knight
             ... wielding a +2 war axe
              (37 damage)
             ... in the Dungeon (Sprint IX: "|||||||||||||||||||||||||||||").
             The game lasted 00:03:17 (1559 turns).

boopmooplesden the Phalangite (Minotaur Berserker)  Turns: 1559, Time: 00:03:17

Health: -3/123     AC: 15    Str: 28    XL:     11   Next: 42%
Magic:  10/10      EV: 15    Int:  4    God:    Trog [******]
Gold:   685        SH:  0    Dex: 11    Spells: 10/10 levels left

rFire   . . .      SeeInvis .   w - +2 bardiche (flame)
rCold   . . .      Faith    .   (shield currently unavailable)
rNeg    . . .      Spirit   .   n - +2 ring mail
rPois   .          Reflect  .   (helmet restricted)
rElec   .          Harm     .   y - +0 cloak
rCorr   .          Rampage  .   l - +0 pair of gloves
Will    ++...      NoTele   +   x - +0 pair of boots
Stlth   +.........              (no amulet)
HPRegen 1.30/turn               o - +3 ring of strength
MPRegen 0.12/turn               p - +2 ring of protection

@: strong-willed, on berserk cooldown, regenerating, slowed, very slow
A: horns 2, retaliatory headbutt
a: Renounce Religion, Berserk, Trog's Hand, Brothers in Arms


You were in the Dungeon.
You worshipped Trog.
Trog was exalted by your worship.
You visited 1 branch You collected 685 gold pieces.

Inventory:

Hand Weapons
 a - a +0 spear
 k - a +2 halberd of protection
 q - a +4 vorpal glaive
 w - a +2 bardiche of flaming (weapon)
Armour
 b - a +0 animal skin
 l - a +0 pair of gloves (worn)
 m - a +0 pair of boots
 n - a +2 ring mail (worn)
 r - a +0 troll leather armour
 x - a +0 pair of boots (worn)
 y - a +0 cloak (worn)
Jewellery
 o - a +3 ring of strength (left hand)
 p - a +2 ring of protection (right hand)
Wands
 j - a wand of acid (10)
 z - a wand of paralysis (6)
Scrolls
 h - a scroll of blinking
 t - 3 scrolls of enchant weapon
 u - 4 scrolls of enchant armour
 v - 2 scrolls of butterflies
Potions
 c - 7 potions of curing
 d - 2 potions of heal wounds
 e - a potion of haste
 f - 4 potions of magic
 g - 2 potions of berserk rage
 i - a potion of invisibility
 s - a potion of might


   Skills:
 + Level 19.6 Fighting
 + Level 22.5 Polearms
 + Level 10.9 Armour
 + Level 11.5 Dodging
 + Level 0.8 Stealth


You had 10 spell levels left.
You didn't know any spells.
Your spell library was empty.

Dungeon Overview and Level Annotations

Branches:
Dungeon (1/1)

Altars:
Cheibriados
Dithmenos
Elyvilon
Fedhas
Gozag
Hepliaklqana
Kikubaaqudgha
Makhleb
Nemelex Xobeh
Okawaru
Qazlal
Ru
Sif Muna
Trog
Uskayaw
Vehumet
Wu Jian
Xom
Yredelemnul
Zin
The Shining One
Jiyva
Lugonu


Innate Abilities, Weirdness & Mutations

You have a pair of horns on your head.
You reflexively headbutt those who attack you in melee.


Message History

An orc warrior comes into view. It is wielding a +0 battleaxe.
The orc knight hits you with a +3 bardiche!!
Items here: $ ) [ †.
You closely miss the orc knight. You slice the orc knight!!
You burn the orc knight.
The orc knight is moderately wounded.
The orc knight hits you with a +3 bardiche!!!
An orc knight comes into view. It is wielding a +0 battleaxe.
The orc knight shouts!
You carve the orc knight like a ham!!! You burn the orc knight!
You kill the orc knight!
Trog accepts your kill. The orc knight completely misses you.
Things that are here:
a +3 bardiche; a +0 plate armour; 50 gold pieces You slash the orc knight!
You burn the orc knight.
The orc knight is lightly wounded.
You barely miss the orc knight. Your headbutt misses the orc knight.
The orc knight is lightly wounded.
The orc knight hits you with a +2 long sword!
You open the orc knight like a pillowcase!!!
You burn the orc knight!
You kill the orc knight!
Trog accepts your kill.
You are no longer berserk.
You are exhausted.
You feel yourself slow down.
You hear a shout!
An orc warrior comes into view. It is wielding a +0 flail.
The orc warrior shouts!
An orc comes into view. It is wielding a +0 club.
The orc knight hits you with a +2 war axe!! x2
* * * LOW HITPOINT WARNING * * *
Things that are here:
a +2 long sword; a +0 chain mail; 50 gold pieces You slice the orc knight!!
You burn the orc knight! Your headbutt misses the orc knight.
The orc knight is severely wounded.
The orc knight hits you with a +2 war axe!!!
You die...

▓.▓.▓.▓.▓_▓
▓.▓.▓.▓.▓_▓
▓.▓.▓.▓.▓_▓
▓.▓.▓.▓.▓_▓
▓)▓.▓.▓.▓_▓
▓)▓.▓.▓.▓_▓
▓)▓.▓.▓.▓_▓
▓)▓.▓.▓.▓_▓
▓@▓.▓÷▓.▓_▓
▓o▓.▓.▓.▓_▓
▓o▓.▓÷▓.▓_▓
▓o▓.▓.▓.▓_▓
▓o▓.▓.▓.▓_▓
▓o▓.▓.▓.▓_▓
▓o▓.▓.▓.▓_▓
▓o▓.▓.▓.▓_▓
▓.▓.▓.▓_▓


You could see 2 orc knights, 4 orc warriors and an orc (strong).

Vanquished Creatures
  A hydra (D)
  A two-headed ogre (D)
  5 lindwurms (D)
  3 orc knights (D)
  An elephant (D)
  A black mamba (D)
  Joseph (D)
  2 cane toads (D)
  A torpor snail (D)
  An efreet (D)
  A troll (D)
  4 tyrant leeches (D)
  A blink frog (D)
  4 yaks (D)
  A basilisk (D)
  A steam dragon (D)
  A vampire mosquito (D)
  A water moccasin (D)
  6 orc warriors (D)
  A black bear (D)
  An ogre (D)
  A centaur (D)
  A bullfrog (D)
  A howler monkey (D)
  3 orc priests (D)
  A hell rat (D)
  5 orc wizards (D)
  A worm (D)
  A dart slug (D)
  6 orcs (D)
  A goblin (D)
  A hobgoblin (D)
  A kobold (D)
  A quokka (D)
  A rat (D)
64 creatures vanquished.

Vanquished Creatures (collateral kills)
  A kobold demonologist (D)
  2 vampire mosquitoes (D)
3 creatures vanquished.

Grand Total: 67 creatures vanquished

Notes
Turn   | Place    | Note
-------+----------+-------------------------------------------
     0 | D        | boopmooplesden the Minotaur Berserker began the quest for
                  | the Orb.
     0 | D        | Reached XP level 1. HP: 19/19 MP: 0/0
     8 | D        | Reached skill level 4 in Polearms
     9 | D        | Reached ** piety under Trog
    45 | D        | Noticed an ogre
    45 | D        | Noticed a centaur
    48 | D        | Killed an ogre
    49 | D        | Reached skill level 7 in Polearms
    49 | D        | Reached XP level 2. HP: 34/34 MP: 1/1
    49 | D        | Reached XP level 3. HP: 39/39 MP: 2/2
    49 | D        | Reached XP level 4. HP: 47/47 MP: 3/3
    51 | D        | Killed a centaur
    51 | D        | Reached *** piety under Trog
    52 | D        | Reached skill level 9 in Polearms
    52 | D        | Reached XP level 5. HP: 56/56 MP: 4/4
    61 | D        | Found a snail-covered altar of Cheibriados.
    61 | D        | Found a shadowy altar of Dithmenos.
    61 | D        | Found a white marble altar of Elyvilon.
    61 | D        | Found a blossoming altar of Fedhas.
    61 | D        | Found an opulent altar of Gozag.
    62 | D        | Found a hazy altar of Hepliaklqana.
    63 | D        | Found a viscous altar of Jiyva.
    64 | D        | Found an ancient bone altar of Kikubaaqudgha.
    65 | D        | Found a corrupted altar of Lugonu.
    66 | D        | Found a burning altar of Makhleb.
    67 | D        | Found a sparkling altar of Nemelex Xobeh.
    68 | D        | Found an iron altar of Okawaru.
    69 | D        | Found a stormy altar of Qazlal.
    70 | D        | Found a sacrificial altar of Ru.
    71 | D        | Found a shimmering blue altar of Sif Muna.
    72 | D        | Found a bloodstained altar of Trog.
    73 | D        | Found a hide-covered altar of Uskayaw.
    74 | D        | Found a radiant altar of Vehumet.
    75 | D        | Found an ornate altar of the Wu Jian Council.
    76 | D        | Found a shimmering altar of Xom.
    77 | D        | Found a basalt altar of Yredelemnul.
    78 | D        | Found a glowing silver altar of Zin.
    79 | D        | Found a glowing golden altar of the Shining One.
   236 | D        | Noticed a vampire mosquito
   236 | D        | Noticed an orc warrior
   236 | D        | Noticed a two-headed ogre
   236 | D        | Noticed a yak
   239 | D        | Killed a vampire mosquito
   240 | D        | Reached skill level 10 in Fighting
   240 | D        | Reached skill level 10 in Polearms
   240 | D        | Reached skill level 5 in Dodging
   240 | D        | Reached XP level 6. HP: 66/66 MP: 5/5
   245 | D        | Killed a two-headed ogre
   245 | D        | Reached **** piety under Trog
   246 | D        | Reached skill level 13 in Polearms
   246 | D        | Reached XP level 7. HP: 78/78 MP: 6/6
   249 | D        | Reached skill level 14 in Polearms
   251 | D        | Reached XP level 8. HP: 85/85 MP: 7/7
   258 | D        | Reached ***** piety under Trog
   262 | D        | Noticed a kobold demonologist
   262 | D        | Noticed a troll
   262 | D        | Noticed an efreet
   270 | D        | Noticed a red devil
   272 | D        | Killed a kobold demonologist
   273 | D        | Reached skill level 15 in Polearms
   278 | D        | Killed a troll
   278 | D        | Received a gift from Trog
   279 | D        | Reached skill level 16 in Polearms
   284 | D        | Killed an efreet
   285 | D        | Reached XP level 9. HP: 21/96 MP: 8/8
   681 | D        | Noticed a cane toad
   681 | D        | Noticed a torpor snail
   685 | D        | Killed a cane toad
   685 | D        | Noticed a cane toad
   686 | D        | Reached skill level 15 in Fighting
   686 | D        | Reached skill level 17 in Polearms
   690 | D        | Noticed an elephant
   696 | D        | Killed a torpor snail
   696 | D        | Received a gift from Trog
   697 | D        | Reached skill level 18 in Polearms
   699 | D        | Killed a cane toad
   706 | D        | Killed an elephant
   707 | D        | Reached XP level 10. HP: 87/107 MP: 9/9
   753 | D        | Noticed a lindwurm
   753 | D        | Noticed an eight-headed hydra
   753 | D        | Noticed a black mamba
   758 | D        | Reached skill level 19 in Polearms
   758 | D        | Killed a lindwurm
   759 | D        | Noticed a lindwurm
   763 | D        | Killed a 12-headed hydra
   773 | D        | Killed a black mamba
   773 | D        | Reached ****** piety under Trog
   774 | D        | Reached skill level 20 in Polearms
   774 | D        | Reached skill level 10 in Dodging
   782 | D        | Received a gift from Trog
   787 | D        | Killed a lindwurm
  1093 | D        | Noticed a lindwurm
  1093 | D        | Noticed a lindwurm
  1093 | D        | Noticed a lindwurm
  1099 | D        | Reached skill level 10 in Armour
  1101 | D        | Killed a lindwurm
  1104 | D        | Reached skill level 21 in Polearms
  1111 | D        | Killed a lindwurm
  1112 | D        | Reached XP level 11. HP: 115/121 MP: 10/10
  1114 | D        | Killed a lindwurm
  1114 | D        | Received a gift from Trog
  1383 | D        | Noticed Joseph
  1389 | D        | Killed Joseph
  1430 | D        | Received a gift from Trog
  1444 | D        | Received a gift from Trog
  1542 | D        | Noticed an orc knight
  1542 | D        | Noticed an orc knight
  1542 | D        | Noticed an orc knight
  1545 | D        | Noticed an orc knight
  1547 | D        | Killed an orc knight
  1548 | D        | Reached skill level 22 in Polearms
  1552 | D        | Noticed an orc knight
  1553 | D        | Killed an orc knight
  1557 | D        | Killed an orc knight
  1559 | D        | Slain by an orc knight

Illustrated notes

Levels and vault maps discovered:
D:        linesprint [early_d, line_temple, items_1, d_10, items_2, lair_1,
          lair_end, items_3, orc_1, orc_end, items_4, d_15, swamp_1, shoals_1,
          snake_1, spider_1, d_20, vaults_1, items_5, swamp_end, shoals_end,
          snake_end, spider_end, vaults_end, d_27, items_6, zot_1, zot_end,
          crypt_end, forest_end, elf_end, slime_end, tomb_end, abyss_end,
          pan_hell_end]

Skill      XL: |  1  2  3  4  5  6  7  8  9 10 11 |
---------------+----------------------------------+-----
Fighting       | 7 8 10 12 14 16 18 19 | 19.6
Polearms       | 7 9 10 13 14 16 18 21 22 | 22.5
Armour         | 3 4 6 7 9 10 | 10.9
Dodging        | 4 5 7 8 9 10 11 | 11.5
Stealth        | |  0.8

Action                   |  1- 3 |  4- 6 |  7- 9 | 10-12 || total
-------------------------+-------+-------+-------+-------++-------
Melee: Spear             |    16 |     6 |       |       ||    22
       Headbutt          |     3 |     4 |     8 |    16 ||    31
       Halberd           |       |     7 |    19 |       ||    26
       Glaive            |       |       |    23 |    34 ||    57
       Bardiche          |       |       |       |    60 ||    60
Invok: Berserk           |     1 |     1 |     1 |     4 ||     7
       Trog's Hand       |       |       |     1 |     3 ||     4
       Brothers in Arms  |       |       |     1 |       ||     1
  Use: Scroll            |       |       |     1 |       ||     1
       Potion            |       |       |       |     2 ||     2
Armor: Animal skin       |     1 |     1 |       |       ||     2
       Ring mail         |       |     1 |    19 |    31 ||    51
Dodge: Dodged            |    10 |     6 |    15 |    47 ||    78
